 Dungeon Crawl Stone Soup version 0.22-a0-515-g75794bf (webtiles) character file.

651 Azzur the Covered (level 7, -2/60 HPs)
             Began as a Gnoll Wanderer on June 19, 2018.
             Was a Follower of Makhleb.
             Slain by a sky beast (6 damage)
             ... on level 5 of the Dungeon.
             The game lasted 00:27:24 (4934 turns).

Azzur the Covered (Gnoll Wanderer)                  Turns: 4934, Time: 00:27:24

Health: -2/60      AC:  9    Str: 18    XL:     7   Next: 53%
Magic:  10/10      EV: 11    Int: 14    God:    Makhleb [*.....]
Gold:   350        SH:  0    Dex: 13    Spells: 11/11 levels left

rFire    . . .     SeeInvis .   e - +0 spear
rCold    . . .     Gourm    .   (no shield)
rNeg     . . .     Faith    .   a - +2 scale mail
rPois    .         Spirit   .   (no helmet)
rElec    .         Reflect  .   (no cloak)
rCorr    .         Harm     .   (no gloves)
MR       .....                  (no boots)
Stlth    +.........             m - amulet of regeneration
HPRegen  0.60/turn              j - ring of flight
MPRegen  0.12/turn              (no ring)

@: no status effects
A: distributed training, fangs 1, strong nose
a: Renounce Religion, Evoke Flight


You were on level 5 of the Dungeon.
You worshipped Makhleb.
Makhleb was aware of your devotion.
You were hungry.

You visited 1 branch of the dungeon, and saw 5 of its levels.

You collected 350 gold pieces.

Inventory:

Hand Weapons
 c - a +0 club
 e - a +0 spear (weapon)
 o - a +0 trident
Missiles
 b - 2 tomahawks (quivered)
Armour
 a - a +2 scale mail (worn)
 g - a +0 robe
Jewellery
 j - a ring of flight (left hand)
 m - an amulet of regeneration (around neck)
Scrolls
 h - 2 scrolls of remove curse
Comestibles
 d - 9 rations


   Skills:
 + Level 7.0 Fighting
 + Level 2.5 Short Blades
 + Level 2.5 Long Blades
 + Level 2.5 Axes
 + Level 3.6 Maces & Flails
 + Level 2.5 Polearms
 + Level 2.5 Staves
 + Level 2.5 Slings
 + Level 2.5 Bows
 + Level 3.6 Crossbows
 + Level 3.6 Throwing
 + Level 7.0 Armour
 + Level 2.5 Dodging
 + Level 2.5 Stealth
 + Level 3.6 Shields
 + Level 2.5 Unarmed Combat
 + Level 2.5 Spellcasting
 + Level 2.0 Conjurations
 + Level 2.0 Hexes
 + Level 2.0 Charms
 + Level 2.0 Summonings
 + Level 2.0 Necromancy
 + Level 2.0 Translocations
 + Level 2.0 Transmutations
 + Level 2.0 Fire Magic
 + Level 2.0 Ice Magic
 + Level 2.0 Air Magic
 + Level 2.0 Earth Magic
 + Level 2.0 Poison Magic
 + Level 2.8 Invocations
 + Level 2.5 Evocations


You had 11 spell levels left.
You didn't know any spells.
Your spell library was empty.

Dungeon Overview and Level Annotations

Branches:
Dungeon (5/15)             Temple (0/1) D:4

Altars:
Cheibriados
Fedhas
Gozag
Makhleb
Nemelex Xobeh
Qazlal
Ru
Sif Muna
Wu Jian


Innate Abilities, Weirdness & Mutations

Your experience applies equally to all skills.
You have very sharp teeth.
Your uncanny sense of smell can sniff out nearby items.


Message History

* * * LOW HITPOINT WARNING * * *
Something shocks you.
* * * LOW HITPOINT WARNING * * *
You climb upwards.
There is a stone staircase leading down here.
You start resting.
You are feeling hungry.
Something hits you.
* * * LOW HITPOINT WARNING * * *
Something shocks you.
* * * LOW HITPOINT WARNING * * *
You aren't carrying any potions.
Okay, then.
Something hits you but does no damage.
You climb downwards.
There is a stone staircase leading up, spattered with blood here.
You miss something. Something hits you.
* * * LOW HITPOINT WARNING * * *
Something shocks you.
You die...

#.#.#.# #......#####...#
#.#.#.# ##...### ##.##
......# ##.## #.# ##..###
#ยง# #.# #..# #.# #.# ##..#
##'## #.# e...#
##...########.# ##.##
##.....#.[.....# *..#*
##......@[####..###
**...#**#.........###.....#
,,.....,+.........'.<.....#
**.e.####.........###.....#
**..##**##........###.....#
,,...,,* ##.....#.........#
**,***,* ##...######.#####
*,* *,* ##'## #.# *,***,*
#.# #.#


There were no monsters in sight!

Vanquished Creatures
  Menkaure (D:4)
  Duvessa (D:5)
  Dowan (D:5)
  A scorpion (D:5)
  A howler monkey (D:4)
  2 orc priests (D:4)
  An iguana (D:5)
  5 worker ants
  A howler monkey skeleton (D:4)
  2 adders
  An adder skeleton (D:4)
  A worm (D:2)
  5 dart slugs
  5 leopard geckos
  An orc (D:4)
  4 giant cockroaches
  3 goblins
  9 hobgoblins
  5 jackals
  2 quokkas
  7 bats
  7 frilled lizards
  5 kobolds
  10 rats
81 creatures vanquished.

Notes
Turn   | Place    | Note
-------+----------+-------------------------------------------
     0 | D:1      | Azzur the Gnoll Wanderer began the quest for the Orb.
     0 | D:1      | Azzur set off with: a +2 scale mail, 2 potions of curing, a +0 club, a ration
     0 | D:1      | Reached XP level 1. HP: 23/23 MP: 1/1
   291 | D:1      | Reached XP level 2. HP: 25/29 MP: 2/2
   827 | D:1      | Reached XP level 3. HP: 34/35 MP: 3/3
  1108 | D:2      | Found a stormy altar of Qazlal.
  1198 | D:2      | Reached skill level 1 in Invocations
  1282 | D:2      | Reached skill level 1 in Short Blades
  1282 | D:2      | Reached skill level 1 in Long Blades
  1282 | D:2      | Reached skill level 1 in Axes
  1282 | D:2      | Reached skill level 1 in Polearms
  1282 | D:2      | Reached skill level 1 in Staves
  1282 | D:2      | Reached skill level 1 in Slings
  1282 | D:2      | Reached skill level 1 in Bows
  1282 | D:2      | Reached skill level 1 in Dodging
  1282 | D:2      | Reached skill level 1 in Stealth
  1282 | D:2      | Reached skill level 1 in Unarmed Combat
  1282 | D:2      | Reached skill level 1 in Spellcasting
  1282 | D:2      | Reached skill level 1 in Evocations
  1418 | D:2      | Reached XP level 4. HP: 40/41 MP: 5/5
  1507 | D:2      | Found a burning altar of Makhleb.
  1507 | D:2      | Found a sacrificial altar of Ru.
  1512 | D:2      | Found a deep blue altar of Sif Muna.
  1514 | D:2      | Found a faded altar of an unknown god.
  1516 | D:2      | Found a faded altar of an unknown god.
  1657 | D:2      | Became a worshipper of Makhleb the Destroyer
  1657 | D:2      | Reached * piety under Makhleb
  2204 | D:3      | Found an ornate altar of the Wu Jian Council.
  2308 | D:3      | Found an opulent altar of Gozag.
  3097 | D:4      | Reached skill level 1 in Conjurations
  3097 | D:4      | Reached skill level 1 in Hexes
  3097 | D:4      | Reached skill level 1 in Charms
  3097 | D:4      | Reached skill level 1 in Summonings
  3097 | D:4      | Reached skill level 1 in Necromancy
  3097 | D:4      | Reached skill level 1 in Translocations
  3097 | D:4      | Reached skill level 1 in Transmutations
  3097 | D:4      | Reached skill level 1 in Fire Magic
  3097 | D:4      | Reached skill level 1 in Ice Magic
  3097 | D:4      | Reached skill level 1 in Air Magic
  3097 | D:4      | Reached skill level 1 in Earth Magic
  3097 | D:4      | Reached skill level 1 in Poison Magic
  3154 | D:4      | Reached XP level 5. HP: 24/47 MP: 5/7
  3509 | D:4      | Noticed Menkaure
  3560 | D:4      | Killed Menkaure
  3560 | D:4      | Reached XP level 6. HP: 11/53 MP: 8/8
  3726 | D:4      | Found a blossoming altar of Fedhas.
  3751 | D:4      | Found a snail-covered altar of Cheibriados.
  3759 | D:4      | Found a staircase to the Ecumenical Temple.
  4493 | D:5      | Entered Level 5 of the Dungeon
  4520 | D:5      | Found a sparkling altar of Nemelex Xobeh.
  4550 | D:5      | Reached XP level 7. HP: 41/59 MP: 10/10
  4646 | D:5      | Noticed Duvessa
  4647 | D:5      | Noticed Dowan
  4816 | D:5      | Killed Duvessa
  4840 | D:5      | Killed Dowan
  4931 | D:4      | HP: 3/60 [something (5)]
  4934 | D:5      | Slain by a sky beast

Vault maps used:
D:1:      dpeg_arrival_renting
D:2:      chequers_temple_overflow_minitemple, lemuel_crystal_altar
D:3:      overflow_temple_1_default,
          nicolae_gozag_cash_rules_everything_around_me
D:4:      cheibriados_altar_1, temple_fountains, first_ration,
          fedhas_altar_fruit_tree, uniq_menkaure
D:5:      basic_altar, nemelex_xobeh_ov_fountains_minmay, uniq_ijyb,
          uniq_duvessa, uniq_pikel

Skill      XL: |  1  2  3  4  5  6  7 |
---------------+----------------------+-----
Invocations    | 1 2 |  2.8
Short Blades   | 1 2 |  2.5
Long Blades    | 1 2 |  2.5
Axes           | 1 2 |  2.5
Polearms       | 1 2 |  2.5
Staves         | 1 2 |  2.5
Slings         | 1 2 |  2.5
Bows           | 1 2 |  2.5
Dodging        | 1 2 |  2.5
Stealth        | 1 2 |  2.5
Unarmed Combat | 1 2 |  2.5
Spellcasting   | 1 2 |  2.5
Evocations     | 1 2 |  2.5
Conjurations   | 1 2 |  2.0
Hexes          | 1 2 |  2.0
Charms         | 1 2 |  2.0
Summonings     | 1 2 |  2.0
Necromancy     | 1 2 |  2.0
Translocations | 1 2 |  2.0
Transmutations | 1 2 |  2.0
Fire Magic     | 1 2 |  2.0
Ice Magic      | 1 2 |  2.0
Air Magic      | 1 2 |  2.0
Earth Magic    | 1 2 |  2.0
Poison Magic   | 1 2 |  2.0
Maces & Flails | 3 |  3.6
Crossbows      | 3 |  3.6
Throwing       | 3 |  3.6
Shields        | 3 |  3.6
Fighting       | 7 |  7.0
Armour         | 7 |  7.0

Action                   |  1- 3 |  4- 6 |  7- 9 || total
-------------------------+-------+-------+-------++-------
Melee: Spear             |   149 |   242 |   129 ||   520
       Club              |     2 |       |       ||     2
       Bite              |     6 |    28 |    14 ||    48
       Punch             |       |     1 |     2 ||     3
Throw: Tomahawk          |       |       |     4 ||     4
  Use: Scroll            |     1 |     4 |     1 ||     6
       Potion            |       |     5 |       ||     5
  Eat: Chunk             |     2 |    10 |     1 ||    13
Armor: Scale mail        |    51 |    67 |    62 ||   180
Dodge: Dodged            |    51 |   117 |    54 ||   222

Table legend:
 A = Spawn XP
 B = Non-spawn XP
 C = Spawn XP percentage of total XP
 D = Spawn monster count
 E = Non-spawn monster count
 F = Spawn count percentage of total count
 G = Total turns spent on level
                    A         B        C        D         E        F      G
               +---------+---------+-------+---------+---------+-------+---------
         Total |       0 |     931 |   0.0 |       0 |      81 |   0.0 |  4934
               +---------+---------+-------+---------+---------+-------+---------
           D:1 |       0 |      45 |   0.0 |       0 |      27 |   0.0 |   986
           D:2 |       0 |      49 |   0.0 |       0 |      18 |   0.0 |   972
           D:3 |       0 |      22 |   0.0 |       0 |      12 |   0.0 |  1118
           D:4 |       0 |     461 |   0.0 |       0 |      19 |   0.0 |  1485
           D:5 |       0 |     354 |   0.0 |       0 |       5 |   0.0 |   373
               +---------+---------+-------+---------+---------+-------+---------
